 Dungeon Crawl Stone Soup version 0.13.0-13-g27bfa31 (webtiles) character file.

386 Bloax the Skirmisher (level 6, 0/39 HPs)
             Began as a Gargoyle Berserker on Oct 20, 2013.
             Was a Believer of Trog.
             Slain by Prince Ribbit (9 damage)
             ... on Level 4 of the Dungeon.
             The game lasted 00:04:02 (1932 turns).

Bloax the Skirmisher (Gargoyle Berserker)           Turns: 1932, Time: 00:04:02

HP   0/39        AC 20     Str 22      XL: 6   Next: 10%
MP   6/6         EV  9     Int  8      God: Trog [**....]
Gold 142         SH  0     Dex 12      Spells:  0 memorised,  5 levels left

Res.Fire  : . . .   See Invis. : .   i - -1,+0 orc flail
Res.Cold  : . . .   Warding    : .   u - +6 scale mail of Schubiyc {rElec rPois Dex+3}
Life Prot.: + . .   Conserve   : .   (no shield)
Res.Poison: +       Res.Corr.  : .   t - +2 dwarf helmet
Res.Elec. : +       Clarity    : .   (no cloak)
Sust.Abil.: . .     Spirit.Shd : .   (no gloves)
Res.Mut.  : .       Stasis     : .   (no boots)
Res.Rott. : +       Flight     : .   (no amulet)
Saprovore : . . .                    (no ring)
                                     n - ring of invisibility

@: regenerating (expiring), very slightly contaminated, hasted, very quick,
quite resistant to hostile enchantments, extremely unstealthy
A: fangs 1, talons 2, life protection 1, electricity resistance, slow metabolism
1, unbreathing, petrification resistance, AC +4
a: Burn Spellbooks, Berserk, Trog's Hand, Renounce Religion, Evoke Invisibility


You were on level 4 of the Dungeon.
You worshipped Trog.
Trog was pleased with you.
You were near starving.

You visited 1 branch of the dungeon, and saw 4 of its levels.

You collected 122 gold pieces.


Innate Abilities, Weirdness & Mutations

You are resistant to torment.
You are immune to poison.
Your stone body is very resilient (AC +4).
You have very sharp teeth.
You have razor-sharp toenails.
You resist negative energy.
You are resistant to electric shocks.
You have a slow metabolism.
You can survive without breathing.
You are immune to petrification.


   Skills:
 * Level 5.2 Fighting
 * Level 5.0 Maces & Flails
 + Level 3.3 Armour
 - Level 1.5 Dodging
 + Level 1.2 Evocations


You had 5 spell levels left.
You didn't know any spells.

Dungeon Overview and Level Annotations

Branches:
Dungeon (4/27)
 Temple: D:4-7

Altars:
Nemelex Xobeh
Sif Muna

Annotations:
D:4 Prince Ribbit

Inventory:

Hand weapons
 i - a -1,+0 orcish flail (weapon)
   (You took it off an orc on level 3 of the Dungeon)
Armour
 t - a +2 dwarven helmet (worn)
   (You found it on level 4 of the Dungeon)
 u - the cursed +6 scale mail of Schubiyc (worn) {rElec rPois Dex+3}
   (You found it on level 4 of the Dungeon)

   It affects your dexterity (+3).
   It insulates you from electricity.
   It protects you from poison.
   It has a curse placed upon it.
Magical devices
 a - a wand of random effects (13)
   (You found it on level 4 of the Dungeon)
Comestibles
 c - 4 bread rations
 l - 9 sultanas
Scrolls
 d - a scroll of random uselessness {unknown}
 e - 2 scrolls of teleportation {unknown}
 g - 4 scrolls of identify {unknown}
 h - 2 scrolls of enchant armour {unknown}
 j - a scroll of fear {unknown}
 k - a scroll of curse armour {unknown}
 p - a scroll of enchant weapon II {unknown}
 s - a scroll of remove curse {unknown}
Jewellery
 n - a ring of invisibility (left hand)
   (You found it on level 2 of the Dungeon)
Potions
 m - a potion of cure mutation {unknown}
 o - a potion of magic {unknown}
 q - 2 potions of curing {unknown}
 r - a potion of invisibility {unknown}

........# ###.##
+######## #..# ..#
#.## #.# #.# #.# #.#
#######.## #.#
#........# ###)###
#........#######..)>..
#.>..@..)...........).
#...F....#######......
#.....()..# #......
##########..# #......
#. #######


You could see Prince Ribbit.


Message History

Prince Ribbit hits you.
Your kick passes through Prince Ribbit as he momentarily phases out.
Prince Ribbit is moderately wounded.
Prince Ribbit blinks!
Enter note: Your skin is crawling a little less now.
You closely miss Prince Ribbit. You bite Prince Ribbit.
Prince Ribbit is moderately wounded.
Prince Ribbit closely misses you.
Prince Ribbit is moderately wounded.
Prince Ribbit hits you!
Prince Ribbit hits you but does no damage.
You hit Prince Ribbit.
Your kick passes through Prince Ribbit as he momentarily phases out.
Prince Ribbit is heavily wounded.
Your skin stops crawling.
You feel less resistant to hostile enchantments.
Prince Ribbit hits you. Prince Ribbit hits you!
* * * LOW HITPOINT WARNING * * *
Evoke which item? (* to show all) (? for menu, Esc to quit)
Zapping:
a - a twisted fluorescent wand
Aim: Prince Ribbit (heavily wounded)
The fireball explodes!
The fireball engulfs Prince Ribbit.
Prince Ribbit is heavily wounded.
The fireball engulfs you!
* * * LOW HITPOINT WARNING * * *
You feel that this wand is rather unreliable.
a - a wand of random effects {zapped: 1} Prince Ribbit hits you but does no damage.
Unknown command.
Unknown command.
Evoke which item? (* to show all) (? for menu, Esc to quit)
Zapping:
a - a wand of random effects {zapped: 1} The rock shatters into small pieces.
Prince Ribbit closely misses you.
Use which ability? (? or * to list)
Your skin crawls.
You feel resistant to hostile enchantments.
You are near starving!
Prince Ribbit hits you.
* * * LOW HITPOINT WARNING * * *
Prince Ribbit barely misses you.
Prince Ribbit is heavily wounded.
Prince Ribbit blinks!
Unknown command.
Unknown command.
Prince Ribbit is heavily wounded.
Prince Ribbit closely misses you.
Prince Ribbit hits you but does no damage.
Unknown command.
Drink which item? (? for menu, Esc to quit)
You feel yourself speed up.
It was a potion of speed.
You are feeling very hungry.
Your skin is crawling a little less now.
You are near starving!
Prince Ribbit hits you.
* * * LOW HITPOINT WARNING * * *
You are very lightly contaminated with residual magic.
You bite Prince Ribbit.
Prince Ribbit is severely wounded.
Prince Ribbit barely misses you.
Unknown command.
You claw Prince Ribbit.
Prince Ribbit is severely wounded.
Prince Ribbit hits you but does no damage.
Unknown command.
You miss Prince Ribbit.
Your kick passes through Prince Ribbit as he momentarily phases out.
Prince Ribbit is severely wounded.
Prince Ribbit hits you!
You die...

Action                   |  1- 3 |  4- 6 || total
-------------------------+-------+-------++-------
Melee: Mace              |    89 |    25 ||   114
       Flail             |       |    81 ||    81
Invok: Trog's Hand       |       |     5 ||     5
       Berserk           |       |     3 ||     3
Evoke: Wand              |       |     2 ||     2
  Use: Potion            |       |     1 ||     1

Vault maps used:
D:1:      sevenhm_entry_forest_fort_large_2, minmay_misc_feat_alley
D:2:      gammafunk_temple_overflow_elements, uniq_crazy_yiuf_cottage
D:3:      first_bread
D:4:      temple_statues, serial_shops, shop, uniq_duvessa, uniq_prince_ribbit1,
          uniq_edmund

Notes
Turn   | Place    | Note
--------------------------------------------------------------
     0 | D:1      | Bloax, the Gargoyle Berserker, began the quest for the Orb.
     0 | D:1      | Reached XP level 1. HP: 14/14 MP: 0/0
    49 | D:1      | archaeo: get
    60 | D:1      | archaeo: accurate
   168 | D:1      | 4tharraofdagon: the game
   170 | D:1      | Reached XP level 2. HP: 14/19 MP: 1/1
   213 | D:1      | 4tharraofdagon: just wont let you
   609 | D:2      | Acquired Trog's second power
   735 | D:2      | Found a deep blue altar of Sif Muna.
   735 | D:2      | Found a sparkling altar of Nemelex Xobeh.
   753 | D:2      | 4tharraofdagon: you didnt want to 5+o in that grmo
   756 | D:2      | Reached skill level 4 in Fighting
   756 | D:2      | Reached XP level 3. HP: 20/24 MP: 2/2
   776 | D:2      | 4tharraofdagon: devs got angry
   802 | D:2      | Reached skill level 4 in Maces & Flails
  1032 | D:2      | Reached XP level 4. HP: 18/29 MP: 3/3
  1174 | D:3      | Noticed an ice beast
  1183 | D:3      | Killed an ice beast
  1183 | D:3      | Reached skill level 3 in Armour
  1183 | D:3      | Reached skill level 1 in Evocations
  1183 | D:3      | Reached XP level 5. HP: 33/33 MP: 4/4
  1388 | D:3      | Reached skill level 5 in Fighting
  1807 | D:4      | Got a jewelled scale mail
  1821 | D:4      | Identified the cursed +6 scale mail of Schubiyc {rElec rPois Dex+3} (You found it on level 4 of the Dungeon)
  1822 | D:4      | lol
  1868 | D:4      | Reached skill level 5 in Maces & Flails
  1868 | D:4      | Reached XP level 6. HP: 32/39 MP: 4/6
  1874 | D:4      | 4tharraofdagon: leading clan
  1875 | D:4      | 4tharraofdagon: http://dobrazupa.org/tournament/0.13/clans/dck.html
  1891 | D:4      | 4tharraofdagon: those turncounts
  1900 | D:4      | Noticed Prince Ribbit
  1918 | D:4      | 4tharraofdagon: 3runes 90k turns
  1926 | D:4      | HP: 7/39 [Prince Ribbit (6)]
  1930 | D:4      | archaeo: tbh
  1932 | D:4      | archaeo: I kind of like
  1932 | D:4      | Slain by Prince Ribbit

Vanquished Creatures
  An ice beast (D:3)
  An orc priest (D:4)
  5 adders
  A worm (D:3)
  A giant gecko (D:2)
  9 orcs
  6 bats
  3 hobgoblins
  9 kobolds
  2 giant cockroaches
  2 giant newts
  12 goblins
  6 jackals
  11 rats
69 creatures vanquished.
